 Dungeon Crawl Stone Soup version 0.29.1-2-gbd0b4ee654 (webtiles) character file.

Game seed: 15930356375169945224

119 xian the Trooper (level 4, 0/55 HPs)
             Began as a Demonspawn Abyssal Knight on Nov 18, 2022.
             Was a Priest of Lugonu.
             Killed from afar by an orc wizard (3 damage)
             ... with a magic dart
             ... on level 3 of the Dungeon.
             The game lasted 00:07:11 (2665 turns).

xian the Trooper (Demonspawn Abyssal Knight)        Turns: 2665, Time: 00:07:11

Health: 0/55       AC:  9    Str: 13    XL:     4   Next: 73%
Magic:  6/6        EV:  7    Int: 11    God:    Lugonu [***...]
Gold:   144        SH:  0    Dex: 20    Spells: 3/3 levels left

rFire   . . .      SeeInvis .   a - +1 short sword
rCold   . . .      Faith    .   (no shield)
rNeg    + + +      Spirit   .   o - +0 chain mail of Wemaz {Drain rElec rN+++ Str-2}
rPois   .          Reflect  .   (no helmet)
rElec   +          Harm     .   c - +0 cloak
rCorr   .          Rampage  .   (no gloves)
Will    .....                   (no boots)
Stlth   ..........              (no amulet)
HPRegen 0.18/turn               g - ring of flight
MPRegen 0.10/turn               i - +6 ring of dexterity

@: berserking, flying, very quick
A: powered by death 1, sturdy frame 1, demonic magic 1
a: Renounce Religion, Depart the Abyss, Bend Space, Banish


You were on level 3 of the Dungeon.
You worshipped Lugonu.
Lugonu was most pleased with you.
You visited 1 branch of the dungeon, and saw 3 of its levels.
You visited the Abyss 1 time.

You collected 144 gold pieces.

Inventory:

Hand Weapons
 a - a +1 short sword (weapon)
Armour
 c - a +0 cloak (worn)
 o - the +0 chain mail of Wemaz (worn) {Drain rElec rN+++ Str-2}
   (You found it on level 2 of the Dungeon)

   Str:       It affects your strength (-2).
   rElec:     It insulates you from electricity.
   rN:        It renders you almost immune to negative energy.
   Drain:     It drains your maximum health when unequipped.
Jewellery
 g - a ring of flight (left hand)
 i - a +6 ring of dexterity (right hand)
Scrolls
 b - a scroll of vulnerability {unknown}
 k - a scroll of identify {unknown}
 m - a scroll of poison {unknown}
 p - a scroll of blinking {unknown}
 r - a scroll of noise {unknown}
 s - a scroll of magic mapping {unknown}
Potions
 e - a potion of brilliance {unknown}
 h - 2 potions of resistance {unknown}
 j - a potion of flight {unknown}
 l - a potion of mutation {unknown}
 n - 2 potions of lignification {unknown}
 q - 2 potions of haste {unknown}


   Skills:
 + Level 4.0 Fighting
 + Level 2.7 Short Blades
 + Level 2.0 Armour
 + Level 1.5 Dodging
 + Level 0.5 Stealth
 * Level 3.5 Invocations


You had 3 spell levels left.
You didn't know any spells.
Your spell library was empty.

Dungeon Overview and Level Annotations

Branches:
Dungeon (3/15)

Altars:
Kikubaaqudgha

Shops:
D:3 (


Innate Abilities, Weirdness & Mutations

You regenerate a little health from kills.
Your movements are slightly less encumbered by armour. (ER -2)
Spells you cast may paralyse adjacent enemies.


Message History

You hit the orc.
The orc is almost dead.
You hear some strange, mumbled words.
A puff of flame appears from out of thin air!
The puff of flame hits you! The orc hits you but does no damage.
The orc barely misses you.
You hit the orc.
You kill the orc!
Lugonu accepts your kill. Something hits you but does no damage.
The orc barely misses you. Something hits you but does no damage.
The orc hits you with a +0 hand axe.
* * * LOW HITPOINT WARNING * * *
Things that are here:
a +0 short sword of draining; an orc corpse You hit the orc.
You kill the orc!
Lugonu accepts your kill. Something hits you.
* * * LOW HITPOINT WARNING * * *
You feel better. Something hits you but does no damage.
You closely miss something. Something hits you.
* * * LOW HITPOINT WARNING * * *
You hit something. Something hits you.
* * * LOW HITPOINT WARNING * * *
You miss something. Something hits you but does no damage.
You hit something but do no damage. Something hits you but does no damage.
You barely miss something. Something hits you but does no damage.
You closely miss something. You miss something.
Something hits you but does no damage.
You barely miss something.
You hear some strange, mumbled words.
A magic dart appears from out of thin air!
The magic dart hits you!
* * * LOW HITPOINT WARNING * * *
A red film seems to cover your vision as you go berserk!
You feel yourself moving faster!
You feel mighty!
You hear some strange, mumbled words.
A magic dart appears from out of thin air!
The magic dart hits you.
You die...

##.#####..# #.#
#..# ########.#
#....####
#.....##.#
#.##.....
#.....##.#
#.######.
#.....##.####..
#..
#...............
....
#...{)..$####.#.
...##
#....@##..# ####
########.>... #.
#.#.... ..
#.....# #..##.#
... .#


There were no monsters in sight!

Vanquished Creatures
  Terence (D:3)
  3 adders
  A dart slug (D:2)
  2 orcs (D:3)
  7 ball pythons (D:1)
  6 endoplasms
  5 giant cockroaches
  6 goblins
  4 hobgoblins (D:2)
  7 kobolds
  2 quokkas
  7 bats
  A frilled lizard (D:1)
  5 rats
57 creatures vanquished.

Notes
Turn   | Place    | Note
-------+----------+-------------------------------------------
     0 | Abyss:1  | xian the Demonspawn Abyssal Knight began the quest for the
                  | Orb.
     0 | Abyss:1  | Reached XP level 1. HP: 18/18 MP: 2/2
     7 | Abyss:2  | Found a corrupted altar of Lugonu.
    48 | Abyss:2  | Noticed a guardian serpent
    62 | Abyss:2  | Noticed a small abomination
    64 | D:1      | Escaped the Abyss
   180 | D:1      | Found a faded altar of an unknown god.
   285 | D:1      | Reached ** piety under Lugonu
   482 | D:1      | Gained mutation: Your movements are slightly less
                  | encumbered by armour. (ER -2) [demonic ancestry]
   482 | D:1      | Reached XP level 2. HP: 24/24 MP: 3/3
  1304 | D:1      | Reached skill level 1 in Dodging
  1372 | D:1      | Gained mutation: You regenerate a little health from kills.
                  | [demonic ancestry]
  1372 | D:1      | Reached XP level 3. HP: 29/30 MP: 5/5
  2027 | D:2      | Identified the +0 chain mail of Wemaz {Drain rElec rN+++
                  | Str-2}
  2216 | D:2      | Gained mutation: Spells you cast may paralyse adjacent
                  | enemies. [demonic ancestry]
  2216 | D:2      | Reached XP level 4. HP: 37/37 MP: 6/6
  2225 | D:2      | Reached *** piety under Lugonu
  2446 | D:3      | Noticed Terence
  2468 | D:3      | Killed Terence
  2483 | D:3      | Found Buudej's Weapon Emporium.
  2541 | D:3      | Found an ancient bone altar of Kikubaaqudgha.
  2617 | D:3      | Reached skill level 4 in Fighting
  2665 | D:3      | Killed from afar by an orc wizard

Illustrated notes

Levels and vault maps discovered:
D:1:      psy_arrival_fountain, layout_loops_corners,
          ebering_ecumenical_altar_rust, minivault_27, minmay_bisected
D:2:      layout_basic, minmay_crystal_room, grunt_decor_resistance,
          chequers_serial_rivers_marsh, kennysheep_generic_room_5
D:3:      layout_rooms, kiku_gazebo_pond_becter, serial_shops, shop,
          minmay_misc_feat_rugged, uniq_terence

Skill      XL: |  1  2  3  4 |
---------------+-------------+-----
Short Blades   | 2 |  2.7
Dodging        | 1 |  1.5
Invocations    | 3 |  3.5
Armour         | 2 |  2.0
Fighting       | 4 |  4.0
Stealth        | |  0.5

Action                   |  1- 3 |  4- 6 || total
-------------------------+-------+-------++-------
Melee: Short sword       |   170 |    56 ||   226
       Punch             |     1 |     1 ||     2
Invok: Depart the Abyss  |     1 |       ||     1
  Use: Potion            |       |     5 ||     5
 Stab: Sleeping          |     1 |       ||     1
Armor: Leather armour    |    49 |       ||    49
       Chain mail        |    46 |    49 ||    95
Dodge: Dodged            |   102 |    25 ||   127
